 Dungeon Crawl Stone Soup version 0.31.0-9-g3a7656b989 (webtiles) character file.

Game seed: 10130453957693259227

7 qw the Shooter (level 1, 0/17 HPs)
             Began as a Demigod Hunter on Feb 2, 2024.
             Slain by a giant cockroach (2 damage)
             ... on level 1 of the Dungeon.
             The game lasted 00:00:00 (48 turns).

qw the Shooter (Demigod Hunter)                       Turns: 48, Time: 00:00:00

Health: 0/17       AC:  3    Str: 12    XL:     1   Next: 73%
Magic:  3/3        EV: 12    Int: 11    God:
Gold:   25         SH:  0    Dex: 17    Spells: 0/0 levels left

rFire   . . .        a - +0 shortbow
rCold   . . .        (shield currently unavailable)
rNeg    . . .        c - +0 leather armour
rPois   .            (no helmet)
rElec   .            (no cloak)
rCorr   .            (no gloves)
SInv    .            (no boots)
Will    .....        (no amulet)
Stlth   ++           (no ring)
HPRegen 0.22/turn    (no ring)
MPRegen 0.08/turn

%: no passive effects
@: no status effects
A: high MP 1, forlorn, divine attributes
a: no special abilities


You were on level 1 of the Dungeon.
You visited 1 branch of the dungeon, and saw 1 of its levels.

You collected 25 gold pieces.


Innate Abilities, Weirdness & Mutations

You have an increased reservoir of magic. (+10% MP)
You shall have no god before yourself.
Your divine heritage dramatically boosts your attributes as you level up.


   Skills:
 - Level 1.7 Fighting
 + Level 4.0 Ranged Weapons
 - Level 1.7 Dodging
 - Level 0.8 Stealth


You couldn't memorise any spells.
You didn't know any spells.
Your spell library was empty.

Inventory:

Hand Weapons
 a - a +0 shortbow (weapon)
Armour
 c - a +0 leather armour (worn)
Scrolls
 b - a scroll of butterflies

Dungeon Overview and Level Annotations

Branches:
Dungeon (1/15)


Message History

The jackal closely misses you.
The jackal bites you but does no damage.
The bat barely misses you.
You shoot an arrow. The arrow closely misses the jackal.
The bat barely misses you. The jackal bites you.
The giant cockroach barely misses you.
The jackal bites you but does no damage.
You shoot an arrow. The arrow hits the jackal.
The jackal is heavily wounded.
The giant cockroach closely misses you.
The ball python bites you but does no damage.
The ball python grabs you. The ball python constricts you.
The jackal bites you. The giant cockroach bites you.
The ball python bites you but does no damage.
The ball python constricts you.
You shoot an arrow.
The arrow barely misses the ball python.
The arrow hits the bat.
The bat is moderately wounded.
The jackal bites you but does no damage.
The ball python bites you. The ball python constricts you.
The giant cockroach bites you but does no damage.
The jackal closely misses you.
You shoot an arrow. The arrow hits the ball python!
You kill the ball python!
The bat barely misses you. The giant cockroach barely misses you.
The jackal bites you. The giant cockroach barely misses you.
The jackal bites you but does no damage.
Your Ranged Weapons skill increases to level 4!
You shoot an arrow.
The arrow hits the jackal but does no damage.
The jackal is heavily wounded.
The bat barely misses you. The jackal bites you.
The giant cockroach closely misses you.
A dart slug comes into view.
You shoot an arrow. The arrow closely misses the jackal.
The jackal bites you but does no damage.
The giant cockroach bites you. The bat misses you.
The jackal closely misses you. The giant cockroach bites you.
You die...

...
.....#
w. .....
.%##....
......
#....
#..%#


#Bbh# #.@.# #%..# #.### #.# #.# #%# #.# #.## #..# You could see a dart slug, a
jackal, a giant cockroach and a bat.

Vanquished Creatures
  A ball python (D:1)
  3 jackals (D:1)
  2 bats (D:1)
6 creatures vanquished.

Notes
Turn   | Place    | Note
-------+----------+-------------------------------------------
     0 | D:1      | qw the Demigod Hunter began the quest for the Orb.
     0 | D:1      | Reached XP level 1. HP: 17/17 MP: 3/3
     0 | D:1      | 0 ||| qw: Version: 0.3-a-155-g5e7d8dd
     0 | D:1      | 0 ||| qw: Game counter: 473
     0 | D:1      | 0 ||| qw: Melee chars always use a shield: true
     0 | D:1      | 0 ||| qw: God list: Okawaru
     0 | D:1      | 0 ||| qw: Allow faded altars: false
     0 | D:1      | 0 ||| qw: Do Orc after clearing Dungeon:15 true
     0 | D:1      | 0 ||| qw: Do second Lair branch before Depths: true
     0 | D:1      | 0 ||| qw: Lair rune preference: random
     0 | D:1      | 0 ||| qw: Goals: Normal
     0 | D:1      | 0 ||| PLANNING D:1-11
    47 | D:1      | Reached skill level 4 in Ranged Weapons
    47 | D:1      | HP: 3/17 [jackal (2)]
    48 | D:1      | Slain by a giant cockroach

Levels and vault maps discovered:
D:1:      lightli_arrival_flooded_house, layout_basic

Skill      XL: |  1 |
---------------+----+-----
Ranged Weapons | 4 |  4.0
Fighting       | |  1.7
Dodging        | |  1.7
Stealth        | |  0.8

Action                     || total
---------------------------++-------
   Fire: Shortbow          ||    20
 Armour: Leather armour    ||    21
  Dodge: Dodged            ||    18

Table legend:
 A = Non-vault XP
 B = Vault XP
 C = Vault XP percentage of total XP
 D = Non-vault monster count
 E = Vault monster count
 F = Vault count percentage of total count
                 A         B        C        D         E       F
            +---------+---------+-------+---------+---------+-------
      Total |      11 |       0 |   0.0 |       6 |       0 |   0.0
            +---------+---------+-------+---------+---------+-------
        D:1 |      11 |       0 |   0.0 |       6 |       0 |   0.0
            +---------+---------+-------+---------+---------+-------
